 Dungeon Crawl Stone Soup version 0.16-a0-3159-g1b9e691 (webtiles) character file.

287 Johnny the Bolt Thrower (level 6, -2/47 HPs)
             Began as a Human Hunter on Dec 15, 2014.
             Slain by Johnny's ghost (14 damage)
             ... on level 4 of the Dungeon.
             The game lasted 00:03:27 (3213 turns).

Johnny the Bolt Thrower (Human Hunter)              Turns: 3213, Time: 00:03:27

Health: -2/47      AC:  4    Str: 17    XL:     6   Next: 56%
Magic:  6/6        EV: 14    Int: 11    God:
Gold:   168        SH:  0    Dex: 16    Spells: 0 memorised, 5 levels left

rFire  . . .     SeeInvis .     b - +1 hand crossbow
rCold  . . .     Clarity  .     e - +1 robe {MR+}
rNeg   . . .     SustAb   .     (no shield)
rPois  .         Gourm    .     r - +0 helmet
rElec  .         Spirit   .     (no cloak)
rCorr  .         Warding  .     (no gloves)
rMut   .         Stasis   .     (no boots)
MR     +....                    (no amulet)
Stlth  ++........               (no ring)
                                (no ring)

@: mighty, somewhat resistant to hostile enchantments, unstealthy
A: no striking features
a: no special abilities


You were on level 4 of the Dungeon.
You were near starving.

You visited 1 branch of the dungeon, and saw 4 of its levels.

You collected 168 gold pieces.

Inventory:

Hand weapons
 a - a +0 short sword
 b - a +1 hand crossbow (weapon)
 v - a -2 short sword
Missiles
 c - a bolt (quivered)
Armour
 d - a +0 leather armour
 e - a +1 robe of magic resistance (worn)
 r - a +0 helmet (worn)
Jewellery
 o - an uncursed ring of ice {unknown}
 p - an uncursed amulet of clarity {unknown}
 s - a +5 ring of evasion {unknown}
Magical devices
 l - a wand of random effects (26)
Scrolls
 i - a scroll of amnesia {unknown}
 k - a scroll of remove curse
 m - a scroll of identify {unknown}
 q - a scroll of fog {unknown}
 t - a scroll of immolation {unknown}
 u - a scroll of teleportation {unknown}
Potions
 n - a potion of curing {unknown}
Comestibles
 f - 2 bread rations
 g - a meat ration
 h - 2 fruits


   Skills:
 + Level 3.5 Fighting
 * Level 6.0 Crossbows
 + Level 3.5 Dodging
 - Level 1.0 Stealth


You had 5 spell levels left.
You didn't know any spells.

Dungeon Overview and Level Annotations

Branches:
Dungeon (4/15)
 Temple: D:4-7

Altars:
Cheibriados
Elyvilon
Ru
Yredelemnul

Shops:
D:4 !

Annotations:
D:4 Johnny's ghost, average HuHu


Message History

Firing (i - inventory):
c - 2 bolts (quivered)
Press: ? - help, Shift-Dir - straight line, f/p - Johnny's ghost
Aim: Johnny's ghost (heavily damaged)
You shoot a bolt.
The bolt hits Johnny's ghost but does no damage.
Johnny's ghost is heavily damaged.
Johnny's ghost hits you!
* * * LOW HITPOINT WARNING * * *
Johnny's ghost barely misses you.
You are too injured to fight recklessly!
You are too injured to fight recklessly!
You are too injured to fight recklessly!
You are too injured to fight recklessly!
You are too injured to fight recklessly!
You are too injured to fight recklessly!
Drink which item? (? for menu, Esc to quit)
It was a potion of might.
You feel very mighty all of a sudden. Johnny's ghost hits you!
You die...

∩................###.....######
#...#####.#......# ##..#.)))..#
..#.# ...#$.....# #..####...#
###.# #.###......# #### #...#
#.# #. #......##########...# .
. #.W....#..........>.# .#
#.<....#.###....#...#
..####..#####.###....#...#
....().....W@.........#####
...##########.#......# .
...........##.....#
..#......####.)...# #........##
#....<# ####......###.....#
######..##.##### ##.....#
##....#


You could see Johnny's ghost.

Vanquished Creatures
  2 orc wizards (D:4)
  8 gnolls (D:3)
  6 adders
  5 worms
  An ooze (D:2)
  6 orcs
  A hobgoblin (D:1)
  3 jackals (D:1)
  3 quokkas
  A ball python (D:1)
  5 bats
  5 giant cockroaches
  A giant newt (D:3)
  8 goblins
  12 kobolds
  10 rats
  A spectral orc (D:2)
78 creatures vanquished.

Notes
Turn   | Place    | Note
--------------------------------------------------------------
     0 | D:1      | Johnny, the Human Hunter, began the quest for the Orb.
     0 | D:1      | Reached XP level 1. HP: 16/16 MP: 1/1
   239 | D:1      | Reached XP level 2. HP: 22/22 MP: 2/2
   627 | D:2      | Reached XP level 3. HP: 28/28 MP: 3/3
   638 | D:2      | Found a snail-covered altar of Cheibriados.
   701 | D:2      | Found a white marble altar of Elyvilon.
   801 | D:2      | Reached XP level 4. HP: 34/34 MP: 4/4
  1223 | D:2      | Reached skill level 5 in Crossbows
  1291 | D:2      | Found a basalt altar of Yredelemnul.
  1515 | D:3      | Reached XP level 5. HP: 40/40 MP: 5/5
  2025 | D:3      | Reached XP level 6. HP: 41/47 MP: 6/6
  2295 | D:3      | Found a sacrificial altar of Ru.
  2798 | D:4      | Found Couggah's Distillery.
  2800 | D:4      | Reached skill level 6 in Crossbows
  2805 | D:4      | Noticed Johnny's ghost (average HuHu)
  3213 | D:4      | Slain by Johnny's ghost

Action                   |  1- 3 |  4- 6 || total
-------------------------+-------+-------++-------
Melee: Short sword       |       |    69 ||    69
 Fire: Hand crossbow     |    43 |   110 ||   153
Evoke: Wand              |       |     4 ||     4
  Use: Potion            |       |     2 ||     2
       Scroll            |       |     1 ||     1
 Stab: Sleeping          |       |     1 ||     1
  Eat: Chunk             |       |     4 ||     4
       Beef jerky        |       |     1 ||     1
